 Dungeon Crawl Stone Soup version 0.30-a0-4-ga7cffc901d (webtiles) character file.

Game seed: 16644890721351666918

1192 xian the Conjurer (level 8, -1/52 (58) HPs)
             Began as a Gnoll Conjurer on Aug 21, 2022.
             Was a Follower of Vehumet.
             Slain by a wight
             ... wielding a +1 flail of freezing
              (6 damage)
             ... on level 6 of the Dungeon.
             The game lasted 00:22:14 (6385 turns).

xian the Conjurer (Gnoll Conjurer)                  Turns: 6385, Time: 00:22:14

HP:   -1/52 (58)    AC:  7    Str:  7    XL:     8   Next: 43%
MP:   0/17          EV: 13    Int: 19    God:    Vehumet [*.....]
Gold: 162           SH:  0    Dex: 11    Spells: 12/19 levels left

rFire   . . .      SeeInvis .    C - +4 quarterstaff (chaos)
rCold   . . .      Faith    .    (shield currently unavailable)
rNeg    . . .      Spirit   +    q - +0 leather armour
rPois   .          Reflect  .    (no helmet)
rElec   .          Harm     .    B - +0 cloak
rCorr   .          Rampage  .    s - +2 pair of gloves
Will    .....                    (no boots)
Stlth   +++.......               e - amulet of guardian spirit
HPRegen 0.17/turn                r - ring of flight
MPRegen 0.15/turn                (no ring)

@: flying, studying Necromancy, heavily drained
A: fangs 1, strong nose, distributed training
a: Renounce Religion


You were on level 6 of the Dungeon.
You worshipped Vehumet.
Vehumet was aware of your devotion.
You visited 2 branches of the dungeon, and saw 7 of its levels.
You also visited: Sewer.

You collected 274 gold pieces.
You spent 112 gold pieces at shops.

Inventory:

Hand Weapons
 t - a +1 short sword of electrocution
 C - a +4 quarterstaff of chaos (weapon)
Missiles
 o - 3 javelins
 v - a throwing net
Armour
 n - an orb of mayhem
 q - a +0 leather armour (worn)
 s - a +2 pair of gloves (worn)
 y - the +1 plate armour of Gewao {SInv}
   (You found it on level 5 of the Dungeon)

   SInv:      It lets you see invisible.
 B - a +0 cloak (worn)
Jewellery
 e - an amulet of guardian spirit (around neck)
 r - a ring of flight (left hand)
Wands
 c - a wand of iceblast (9)
 w - a wand of flame (12)
Scrolls
 g - 4 scrolls of amnesia
 i - a scroll of immolation
 j - 5 scrolls of teleportation
 k - a scroll of torment
 l - a scroll of enchant armour
 u - 2 scrolls of poison
 D - a scroll of fog {unknown}
Potions
 a - 3 potions of heal wounds
 b - 4 potions of magic
 d - a potion of ambrosia {unknown}
 f - a potion of might
 h - 2 potions of resistance
 m - 2 potions of curing
 p - 2 potions of haste {unknown}
 x - a potion of brilliance {unknown}
 z - 2 potions of invisibility {unknown}
 A - a potion of cancellation {unknown}


   Skills:
 + Level 3.4 Fighting
 + Level 3.4 Short Blades
 + Level 3.4 Long Blades
 + Level 3.4 Axes
 + Level 3.4 Maces & Flails
 + Level 3.4 Polearms
 + Level 3.4 Staves
 + Level 3.4 Ranged Weapons
 + Level 3.4 Throwing
 + Level 3.4 Armour
 + Level 5.7 Dodging
 + Level 5.4 Stealth
 + Level 3.4 Shields
 + Level 3.4 Unarmed Combat
 + Level 6.1 Spellcasting
 + Level 7.7 Conjurations
 + Level 2.7 Hexes
 + Level 2.7 Summonings
 + Level 4.1 Necromancy
 + Level 2.7 Translocations
 + Level 2.7 Transmutations
 + Level 2.7 Fire Magic
 + Level 2.7 Ice Magic
 + Level 2.7 Air Magic
 + Level 2.7 Earth Magic
 + Level 2.7 Poison Magic
 + Level 3.7 Invocations
 + Level 3.4 Evocations


You had 12 spell levels left.
You knew the following spells:

 Your Spells              Type           Power      Damage    Failure   Level
a - Magic Dart            Conj           100%       1d8       1%          1
b - Searing Ray           Conj           70%        2d7       1%          2
c - Iskenderun's Mystic   Conj/Tloc      25%        2d7       19%         4

Your spell library contained the following spells:

 Spells                   Type           Power      Damage    Failure   Level
 Shock                    Conj/Air       100%       1d9       1%          1
 Dazzling Flash           Conj/Hex       50%        N/A       5%          3
 Fulminant Prism          Conj/Hex       12%        3d9       19%         4
 Olgreb's Toxic Radiance  Pois           16%        N/A       45%         4
 Ozocubu's Refrigeration  Ice            8%         4d9       100%        7
 Ignition                 Fire           8%         3d5       100%        8


Dungeon Overview and Level Annotations

Branches:
Dungeon (6/15)             Temple (1/1) D:5           Sewer (visited)

Altars:
Ashenzari
Cheibriados
Hepliaklqana
Kikubaaqudgha
Okawaru
Qazlal
Sif Muna
Trog
Uskayaw
Vehumet
Zin
The Shining One

Shops:
D:4 [   D:5 !


Innate Abilities, Weirdness & Mutations

You have very sharp teeth.
Your uncanny sense of smell can sniff out nearby items.
Your experience applies equally to all skills.


Message History

The wight is almost destroyed.
The searing ray hits the wight!
The wight is moderately damaged.
The searing ray hits the wight.
You destroy the wight!
Vehumet accepts your kill.
You feel your power returning.
The searing ray hits the wight.
The wight is heavily damaged.
Your life force feels restored.
Your Necromancy skill increases to level 4!
The searing ray hits the wight.
The wight is severely damaged.
You finish channelling your searing ray.
Unknown command.
Casting: Searing Ray (safe; 1% risk of failure)
Confirm with . or Enter, or press ? or * to list all spells.
Aiming: Searing Ray (safe; 1% risk of failure)
Press: ? - help, Shift-Dir - straight line, f - wight
Aim: a wight, wielding a +3 long sword and wearing a +0 robe (severely damaged, 81% to hit)
The searing ray hits the wight!
You destroy the wight!
Vehumet accepts your kill.
The searing ray hits the wight but does no damage. (Press . to maintain the ray.) Without enough magic to sustain it, your searing ray dissipates.
The wight barely misses you.
The wight hits you with a +1 flail of freezing!
You feel drained. The wight freezes you.
The wight hits you with a +1 flail of freezing.
* * * LOW HITPOINT WARNING * * *
You feel drained.
* * * LOW HITPOINT WARNING * * *
The wight freezes you.
* * * LOW HITPOINT WARNING * * *
The wight hits you with a +1 flail of freezing.
* * * LOW HITPOINT WARNING * * *
You feel drained. The wight freezes you.
* * * LOW HITPOINT WARNING * * *
The wight hits you with a +1 flail of freezing.
You die...

### ######### #...
.......### ###
.....#. ..... ..#
.......####.####.#
## #?@z).))...###.#
#.####.####...#####
#. #.# #........ #.
#.# #...#####
..#....#.####.#
##.#####
#..........##.#
##.##.##
#..........##.#
#..##...
#.............#
###>.##.
#..........#####
#.†###


You could see a wight.

Vanquished Creatures
  Sigmund (D:3)
  A kobold brigand (Sewer)
  A gnoll sergeant (D:6)
  A scorpion (D:5)
  2 necrophages (D:6)
  3 wights (D:6)
  A hound (D:5)
  A gnoll bouda (D:5)
  2 orc priests
  Crazy Yiuf (D:5)
  A jelly (D:5)
  Ijyb (D:5)
  2 orc wizards (D:5)
  9 gnolls
  12 adders
  3 river rats
  A shadow imp (D:6)
  A worm (D:5)
  A dart slug (D:5)
  13 orcs
  6 ball pythons
  3 endoplasms
  A giant cockroach (D:5)
  8 goblins
  5 hobgoblins
  3 jackals (Sewer)
  3 quokkas
  4 bats
  2 frilled lizards
  12 kobolds
  14 rats
119 creatures vanquished.

Vanquished Creatures (others)
  16 plants (Sewer)
16 creatures vanquished.

Grand Total: 135 creatures vanquished

Notes
Turn   | Place    | Note
-------+----------+-------------------------------------------
     0 | D:1      | xian the Gnoll Conjurer began the quest for the Orb.
     0 | D:1      | Reached XP level 1. HP: 13/13 MP: 6/6
   630 | D:1      | Reached XP level 2. HP: 17/19 MP: 3/7
   986 | D:2      | Reached skill level 5 in Spellcasting
   986 | D:2      | Reached XP level 3. HP: 25/25 MP: 4/9
   989 | D:2      | Learned a level 2 spell: Searing Ray
  1031 | D:2      | Reached skill level 1 in Necromancy
  1031 | D:2      | Reached skill level 1 in Invocations
  1243 | D:2      | Reached skill level 1 in Fighting
  1243 | D:2      | Reached skill level 1 in Short Blades
  1243 | D:2      | Reached skill level 1 in Long Blades
  1243 | D:2      | Reached skill level 1 in Axes
  1243 | D:2      | Reached skill level 1 in Maces & Flails
  1243 | D:2      | Reached skill level 1 in Polearms
  1243 | D:2      | Reached skill level 1 in Staves
  1243 | D:2      | Reached skill level 1 in Ranged Weapons
  1243 | D:2      | Reached skill level 1 in Throwing
  1243 | D:2      | Reached skill level 1 in Armour
  1243 | D:2      | Reached skill level 1 in Shields
  1243 | D:2      | Reached skill level 1 in Unarmed Combat
  1243 | D:2      | Reached skill level 1 in Evocations
  1581 | D:2      | Reached XP level 4. HP: 28/32 MP: 6/11
  2276 | D:3      | Reached skill level 1 in Hexes
  2276 | D:3      | Reached skill level 1 in Summonings
  2276 | D:3      | Reached skill level 1 in Translocations
  2276 | D:3      | Reached skill level 1 in Transmutations
  2276 | D:3      | Reached skill level 1 in Fire Magic
  2276 | D:3      | Reached skill level 1 in Ice Magic
  2276 | D:3      | Reached skill level 1 in Air Magic
  2276 | D:3      | Reached skill level 1 in Earth Magic
  2276 | D:3      | Reached skill level 1 in Poison Magic
  2330 | D:3      | Reached XP level 5. HP: 19/37 MP: 1/12
  2853 | D:3      | Noticed Sigmund
  2869 | D:3      | Killed Sigmund
  2870 | D:3      | Reached skill level 5 in Dodging
  2870 | D:3      | Reached XP level 6. HP: 19/44 MP: 1/14
  3465 | D:4      | Learned a level 4 spell: Iskenderun's Mystic Blast
  3497 | D:4      | Found Wausiog's Armour Shoppe.
  4154 | D:5      | Entered Level 5 of the Dungeon
  4261 | D:5      | Reached XP level 7. HP: 46/51 MP: 7/15
  4363 | D:5      | Found a staircase to the Ecumenical Temple.
  4388 | Temple   | Entered the Ecumenical Temple
  4495 | Temple   | Became a worshipper of Vehumet
  4647 | D:5      | Noticed Ijyb
  4656 | D:5      | Killed Ijyb
  4796 | D:5      | Reached skill level 5 in Stealth
  4796 | D:5      | Found a glowing drain.
  4820 | Sewer    | Entered a sewer
  5025 | Sewer    | Reached * piety under Vehumet
  5025 | Sewer    | Offered knowledge of Shock by Vehumet.
  5750 | D:5      | Identified the +1 plate armour of Gewao {SInv}
  5932 | D:5      | Found Xaugil's Distillery.
  5940 | D:5      | Bought a potion of curing for 42 gold pieces
  5940 | D:5      | Bought a potion of heal wounds for 70 gold pieces
  5964 | D:5      | Found a runed translucent door.
  5965 | D:5      | Noticed Crazy Yiuf
  5972 | D:5      | Killed Crazy Yiuf
  6085 | D:6      | Reached XP level 8. HP: 49/58 MP: 7/16
  6385 | D:6      | Slain by a wight

Illustrated notes

Levels and vault maps discovered:
D:1:      psy_arrival_spokes, layout_loops_cross, hangedman_decor_push,
          kennysheep_flooded_box
D:2:      layout_rooms, serial_co_window_serial, co_window_of_opportunity_a,
          co_window_paths_a, co_window_of_opportunity_a, co_window_corner_a,
          co_window_paths_b, co_window_corner_a, co_window_paths_a,
          co_window_corner_b, co_window_of_opportunity_b, co_window_paths_c,
          co_window_sun, co_window_4corner_a, glass_columns_a
D:3:      layout_basic, dk_noncrumbling_4, uniq_sigmund
D:4:      layout_loops_ring, serial_shops, shop
D:5:      layout_rooms, minmay_temple_entry_wispy, portal_sewer_entry_b,
          serial_shops, shop, uniq_ijyb, uniq_crazy_yiuf_cottage
D:6:      layout_loops_ring, nicolae_wu_jian_immortal_techniques,
          corexii_leaking_fountain, grunt_ministairs_13, st_stairs_7
Temple:   regret_index_temple_sphere_string

Skill      XL: |  1  2  3  4  5  6  7  8 |
---------------+-------------------------+-----
Spellcasting   | 5 6 |  6.1
Necromancy     | 1 2 3 4 |  4.1
Invocations    | 1 2 3 |  3.7
Fighting       | 1 2 3 |  3.4
Short Blades   | 1 2 3 |  3.4
Long Blades    | 1 2 3 |  3.4
Axes           | 1 2 3 |  3.4
Maces & Flails | 1 2 3 |  3.4
Polearms       | 1 2 3 |  3.4
Staves         | 1 2 3 |  3.4
Ranged Weapons | 1 2 3 |  3.4
Throwing       | 1 2 3 |  3.4
Armour         | 1 2 3 |  3.4
Shields        | 1 2 3 |  3.4
Unarmed Combat | 1 2 3 |  3.4
Evocations     | 1 2 3 |  3.4
Hexes          | 1 2 |  2.7
Summonings     | 1 2 |  2.7
Translocations | 1 2 |  2.7
Transmutations | 1 2 |  2.7
Fire Magic     | 1 2 |  2.7
Ice Magic      | 1 2 |  2.7
Air Magic      | 1 2 |  2.7
Earth Magic    | 1 2 |  2.7
Poison Magic   | 1 2 |  2.7
Dodging        | 5 |  5.7
Stealth        | 5 |  5.4
Conjurations   | |  7.7

Action                   |  1- 3 |  4- 6 |  7- 9 || total
-------------------------+-------+-------+-------++-------
Melee: Hand axe          |     4 |       |       ||     4
       Bite              |     1 |     6 |    12 ||    19
       Dagger            |       |    29 |       ||    29
       Short sword       |       |    12 |    80 ||    92
       Punch             |       |       |     2 ||     2
       Quarterstaff      |       |       |     8 ||     8
 Cast: Magic Dart        |    51 |    44 |    22 ||   117
       Searing Ray       |       |     8 |    24 ||    32
  Use: Scroll            |     3 |     4 |     6 ||    13
       Potion            |       |     2 |     1 ||     3
 Stab: Sleeping          |       |     1 |     2 ||     3
Armor: Robe              |     4 |       |       ||     4
       Leather armour    |       |    16 |    26 ||    42
Dodge: Dodged            |    10 |    31 |    50 ||    91

Table legend: (Time is in decaauts)
 A = Elapsed time spent in this place.
 B = Non-inter-level travel time spent in this place.
 C = Inter-level travel time spent in this place.
 D = Time resting spent in this place.
 E = Time spent auto-exploring this place.
 F = Levels seen in this place.
 G = Mean time per level.
                   A        B        C        D        E       F      G
               +--------+--------+--------+--------+--------+-----+--------+
         Total |   6377 |   6100 |    277 |    109 |   4355 |   8 |  797.1 |
       Dungeon |   5385 |   5108 |    277 |    109 |   3865 |   6 |  897.5 |
        Temple |    125 |    125 |      0 |      0 |      0 |   1 |  125.0 |
         Sewer |    866 |    866 |      0 |      0 |    490 |   1 |  866.0 |
               +--------+--------+--------+--------+--------+-----+--------+

Top non-repeatable levels by time:
     D:2: 1245 daAuts
     D:3: 1241 daAuts
     D:1: 910 daAuts
   Sewer: 866 daAuts
     D:4: 828 daAuts
     D:5: 802 daAuts
     D:6: 357 daAuts
  Temple: 125 daAuts
